 Dungeon Crawl Stone Soup version 0.28.0-43-g3370ac3207 (webtiles) character file.

Game seed: 13872998983328452068

483 tomatow the Covered (level 7, -6/44 HPs)
             Began as a Gargoyle Fighter on Mar 9, 2022.
             Mangled by a black bear (8 damage)
             ... on level 4 of the Dungeon.
             The game lasted 00:24:47 (2988 turns).

tomatow the Covered (Gargoyle Fighter)              Turns: 2988, Time: 00:24:48

Health: -6/44      AC: 20    Str: 22    XL:     7   Next: 12%
Magic:  8/8        EV:  8    Int:  8    God:
Gold:   225        SH:  4    Dex:  9    Spells: 6/6 levels left

rFire   . . .      SeeInvis .   l - +1 falchion (holy)
rCold   . . .      Faith    .   c - +0 buckler
rNeg    + . .      Spirit   .   f - +0 chain mail
rPois   ∞          Reflect  .   (no helmet)
rElec   +          Harm     .   (no cloak)
rCorr   .          Rampage  .   q - +0 pair of gloves
Will    .....                   (no boots)
Stlth   ..........              (no amulet)
HPRegen 0.14/turn               o - +4 ring of protection
MPRegen 0.11/turn               (no ring)

@: no status effects
A: sickness immunity, AC +4, negative energy resistance 1, electricity
resistance, torment resistance 1, petrification resistance, sense surroundings 1
a: no special abilities


You were on level 4 of the Dungeon.
You visited 1 branch of the dungeon, and saw 4 of its levels.

You collected 225 gold pieces.

Inventory:

Hand Weapons
 a - a +0 flail
 d - a +0 dagger
 g - a +0 whip
 l - a +1 falchion of holy wrath (weapon)
 m - a +0 whip
 p - a +0 dagger
 v - a +0 short sword
 w - a +0 dagger
 y - a +0 dagger
 z - a +0 scythe
 B - a +0 rapier
 D - a +0 whip
 F - a +0 flail
 G - a +0 club
Missiles
 i - 29 arrows
 n - 73 stones (quivered)
 r - 22 sling bullets
Armour
 b - a +0 scale mail
 c - a +0 buckler (worn)
 f - a +0 chain mail (worn)
 k - a +0 robe
 q - a +0 pair of gloves (worn)
 s - a +0 ring mail
 u - a +0 chain mail
 x - a +0 pair of gloves
 C - a +0 plate armour
 E - a +0 leather armour
Jewellery
 o - a +4 ring of protection (left hand)
Scrolls
 j - 3 scrolls of enchant armour {unknown}
 t - a scroll of immolation {unknown}
 I - 2 scrolls of identify {unknown}
Potions
 h - a potion of brilliance
 A - 2 potions of resistance
 H - a potion of mutation


   Skills:
 + Level 5.0 Fighting
 + Level 1.5(2.7) Short Blades
 + Level 3.4(3.6) Long Blades
 + Level 1.4(2.6) Axes
 + Level 3.1(3.5) Maces & Flails
 + Level 1.5(2.1) Polearms
 + Level 1.6(2.9) Staves
 + Level 1.4(1.8) Slings
 + Level 1.6 Bows
 + Level 1.6 Crossbows
 + Level 1.5(1.8) Throwing
 + Level 5.5 Armour
 + Level 1.4 Dodging
 + Level 2.0 Stealth
 + Level 4.5 Shields
 + Level 1.6 Unarmed Combat
 + Level 1.8 Invocations
 + Level 1.4 Evocations


You had 6 spell levels left.
You didn't know any spells.
Your spell library contained the following spells:

 Spells                   Type           Power      Damage    Failure   Level
 Corpse Rot               Necr/Air       0%         N/A       100%        2
 Scorch                   Fire           0%         2d5       100%        2
 Wereblood                Tmut           0%         N/A       100%        2
 Dispel Undead            Necr           0%         3d6       100%        4
 Flame Wave               Conj/Fire      0%         2d4       100%        4
 Fulminant Prism          Conj/Hex       0%         3d6       100%        4
 Iskenderun's Mystic Bla  Conj/Tloc      0%         2d3       100%        4
 Iskenderun's Battlesphe  Conj           0%         2d6       100%        5
 Lee's Rapid Deconstruct  Erth           0%         3d5*      100%        5
 Death Channel            Necr           0%         N/A       100%        6
 Iron Shot                Conj/Erth      0%         9d1       100%        6
 Summon Cactus Giant      Summ           0%         N/A       100%        6
 Spellforged Servitor     Conj/Summ      0%         N/A       100%        7
 Summon Hydra             Summ           0%         N/A       100%        7
 Sublimation of Blood     Necr           Unusable   N/A       N/A         2

Dungeon Overview and Level Annotations

Branches:
Dungeon (4/15)             Temple (0/1) D:4

Altars:
Dithmenos
Elyvilon
Nemelex Xobeh
Okawaru
Qazlal
Wu Jian
Xom
Zin
The Shining One


Innate Abilities, Weirdness & Mutations

You are immune to sickness and miasma.
Your stone body is resilient. (AC +4)
You are immune to poison.
You resist negative energy. (rN+)
You are resistant to electric shocks. (rElec)
You are resistant to unholy torment.
You are immune to petrification.
You passively map a small area around you.


Message History

The black bear bites you.
* * * LOW HITPOINT WARNING * * *
The black bear barely misses you.
The black bear claws you but does no damage.
The black bear bites you.
* * * LOW HITPOINT WARNING * * *
The black bear closely misses you.
The black bear claws you but does no damage.
You hit the black bear.
The black bear is almost dead.
The black bear barely misses you.
The black bear claws you but does no damage.
The black bear barely misses you.
The black bear bites you but does no damage.
The black bear completely misses you. The black bear barely misses you.
You hit the black bear.
The black bear is almost dead.
The black bear barely misses you.
The black bear claws you but does no damage.
The black bear claws you.
* * * LOW HITPOINT WARNING * * *
You block the black bear's attack. The black bear claws you.
* * * LOW HITPOINT WARNING * * *
The black bear claws you but does no damage.
As you read the scroll of fog, it crumbles to dust.
The scroll dissolves into smoke.
You hear the quick hiss of an avalanche of sand very nearby.
The black bear closely misses you.
The black bear claws you but does no damage. x2
The black bear bites you but does no damage.
The black bear closely misses you.
The black bear claws you but does no damage.
You block the black bear's attack.
The black bear claws you but does no damage. x2
The black bear closely misses you. You block the black bear's attack.
The black bear closely misses you.
You hit the black bear.
The black bear is almost dead.
The black bear bites you!
You die...

# ##...## #.....#
#### #...## #######
> ..[## ##....## ,
.##.### ##....§§##
.###..####...###§§##
, ## #...)....##
##§§#* , ##
##...<..## #§§§§...#
* .####.....##
#h####### ,
...###....# #@#
....####### #.#
....# ,, +.# ...##
+* ### .### ## ,,,*
# # *


You could see a black bear (berserk).

Vanquished Creatures
  Sigmund (D:4)
  An ogre (D:4)
  An orc priest (D:4)
  A jelly (D:4)
  An orc wizard (D:4)
  5 adders
  2 adder skeletons (D:4)
  3 dart slugs
  6 orcs
  8 ball pythons
  4 endoplasms
  5 giant cockroaches
  3 goblins
  4 hobgoblins
  6 quokkas
  4 bats
  A frilled lizard (D:1)
  4 kobolds
  8 rats
68 creatures vanquished.

Vanquished Creatures (others)
  30 plants (D:3)
30 creatures vanquished.

Grand Total: 98 creatures vanquished

Notes
Turn   | Place    | Note
-------+----------+-------------------------------------------
     0 | D:1      | tomatow the Gargoyle Fighter began the quest for the Orb.
     0 | D:1      | Reached XP level 1. HP: 14/14 MP: 1/1
   179 | D:1      | Reached XP level 2. HP: 19/19 MP: 2/2
   699 | D:1      | Reached skill level 1 in Short Blades
   699 | D:1      | Reached skill level 1 in Long Blades
   699 | D:1      | Reached skill level 1 in Axes
   699 | D:1      | Reached skill level 1 in Polearms
   699 | D:1      | Reached skill level 1 in Staves
   699 | D:1      | Reached skill level 1 in Slings
   699 | D:1      | Reached skill level 1 in Bows
   699 | D:1      | Reached skill level 1 in Crossbows
   699 | D:1      | Reached skill level 1 in Throwing
   699 | D:1      | Reached skill level 1 in Dodging
   699 | D:1      | Reached skill level 1 in Unarmed Combat
   699 | D:1      | Reached skill level 1 in Invocations
   699 | D:1      | Reached skill level 1 in Evocations
   700 | D:1      | Reached XP level 3. HP: 24/24 MP: 2/4
   830 | D:2      | Reached XP level 4. HP: 28/30 MP: 5/5
  1028 | D:2      | Found a shimmering altar of Xom.
  1824 | D:3      | Reached XP level 5. HP: 26/34 MP: 6/6
  2339 | D:3      | Found an iron altar of Okawaru.
  2446 | D:4      | Reached skill level 5 in Armour
  2520 | D:4      | Found a white marble altar of Elyvilon.
  2540 | D:4      | Noticed an ogre
  2549 | D:4      | Killed an ogre
  2550 | D:4      | Reached XP level 6. HP: 25/40 MP: 7/7
  2604 | D:4      | Found a glowing silver altar of Zin.
  2609 | D:4      | Found an ornate altar of the Wu Jian Council.
  2609 | D:4      | Found a sparkling altar of Nemelex Xobeh.
  2609 | D:4      | Found a shadowy altar of Dithmenos.
  2611 | D:4      | Found a stormy altar of Qazlal.
  2611 | D:4      | Found a glowing golden altar of the Shining One.
  2715 | D:4      | Found a staircase to the Ecumenical Temple.
  2885 | D:4      | Noticed Sigmund
  2893 | D:4      | Noticed a black bear
  2929 | D:4      | Gained mutation: You passively map a small area around you.
                  | [potion of mutation]
  2943 | D:4      | Killed Sigmund
  2944 | D:4      | Reached skill level 5 in Fighting
  2944 | D:4      | Reached XP level 7. HP: 18/44 MP: 8/8
  2982 | D:4      | HP: 2/44 [black bear (2)]
  2988 | D:4      | Mangled by a black bear

Illustrated notes

Levels and vault maps discovered:
D:1:      dpeg_arrival_three_bigger_balls, layout_loops_ring
D:2:      layout_basic, basic_altar, minmay_heptomino_l4
D:3:      layout_rooms, lemuel_round_altar, serial_bayou, serial_bayou_pond_a,
          serial_bayou_pond_b, serial_bayou_lagoon_a, serial_bayou_lake_a,
          serial_bayou_crossing, kennysheep_generic_room_12
D:4:      layout_layer_cave, mainiacjoe_overflow_alcove_4,
          grunt_temple_overflow_open, minmay_temple_entry_glass,
          nicolae_ossuary_entry_catacombs, serial_shops, nicolae_stop_n_shop_1,
          uniq_sigmund

Skill      XL: |  1  2  3  4  5  6 |
---------------+-------------------+-----
Fighting       | 4 5 |  5.0
Short Blades   | 1 |  1.5
Long Blades    | 1 2 3 |  3.4
Axes           | 1 |  1.4
Maces & Flails | 3 |  3.1
Polearms       | 1 |  1.5
Staves         | 1 |  1.6
Slings         | 1 |  1.4
Bows           | 1 |  1.6
Crossbows      | 1 |  1.6
Throwing       | 1 |  1.5
Armour         | 4 5 |  5.5
Dodging        | 1 |  1.4
Stealth        | 2 |  2.0
Shields        | 4 |  4.5
Unarmed Combat | 1 |  1.6
Invocations    | 1 |  1.8
Evocations     | 1 |  1.4

Action                   |  1- 3 |  4- 6 |  7- 9 || total
-------------------------+-------+-------+-------++-------
Melee: Flail             |    25 |       |       ||    25
       Falchion          |    50 |   191 |    15 ||   256
Throw: Stone             |       |     8 |       ||     8
  Use: Scroll            |     3 |       |     1 ||     4
       Potion            |     1 |     5 |       ||     6
Armor: Chain mail        |    55 |   163 |    34 ||   252
Dodge: Dodged            |    27 |    71 |    20 ||   118
Block: Buckler           |    23 |    51 |     5 ||    79
